 Dungeon Crawl Stone Soup version 0.28-a0-233-gb8ca4b6547 (webtiles) character file.

Game seed: 1996177800314061384

5 Spaninq the Skirmisher (level 1, 0/18 HPs)
             Began as a Human Abyssal Knight on Aug 22, 2021.
             Was a Follower of Lugonu.
             Slain by a jackal (3 damage)
             ... on level 1 of the Dungeon.
             The game lasted 00:00:46 (252 turns).

Spaninq the Skirmisher (Human Abyssal Knight)        Turns: 252, Time: 00:00:46

Health: 0/18       AC:  3    Str: 12    XL:     1   Next: 88%
Magic:  2/2        EV: 11    Int: 12    God:    Lugonu [*.....]
Gold:   5          SH:  0    Dex: 12    Spells: 0/0 levels left

rFire   . . .      SeeInvis .   a - +1 hand axe
rCold   . . .      Faith    .   (no shield)
rNeg    . . .      Spirit   .   b - +0 leather armour
rPois   .          Reflect  .   (no helmet)
rElec   .          Harm     .   (no cloak)
rCorr   .          Rampage  .   (no gloves)
Will    .....                   (no boots)
Stlth   +.........              (no amulet)
HPRegen 0.06/turn               (no ring)
MPRegen 0.08/turn               (no ring)

@: no status effects
A: no striking features
a: Renounce Religion, Depart the Abyss


You were on level 1 of the Dungeon.
You worshipped Lugonu.
Lugonu was aware of your devotion.
You visited 1 branch of the dungeon, and saw 1 of its levels.
You visited the Abyss 1 time.

You collected 5 gold pieces.

Inventory:

Hand Weapons
 a - a +1 hand axe (weapon)
Armour
 b - a +0 leather armour (worn)


   Skills:
 + Level 3.1 Fighting
 * Level 2.2 Axes
 + Level 2.1 Armour
 - Level 1.0 Dodging
 - Level 2.0 Invocations


You couldn't memorise any spells.
You didn't know any spells.
Your spell library was empty.

Dungeon Overview and Level Annotations

Branches:
Dungeon (1/15)

Altars:


Message History

The quokka barely misses you. The jackal closely misses you.
The jackal misses you. The jackal bites you.
A gnoll comes into view. It is wielding a +0 whip.
The gnoll shouts!
A bat comes into view.
The jackal closely misses you. The jackal barely misses you.
The jackal closely misses you.
The jackal bites you but does no damage.
The dart slug launches a dart at you. The slug dart hits you.
The jackal bites you but does no damage.
The quokka closely misses you. The quokka closely misses you.
The jackal bites you.
You aren't carrying any potions.
You hit the jackal.
The jackal is almost dead.
The jackal completely misses you.
You barely miss the jackal. The jackal bites you.
* * * LOW HITPOINT WARNING * * *
The jackal bites you but does no damage.
You hit the jackal but do no damage. The jackal bites you.
* * * LOW HITPOINT WARNING * * *
You hit the jackal but do no damage. The jackal bites you.
* * * LOW HITPOINT WARNING * * *
The jackal closely misses you.
Your leather armour prevents you from hitting the jackal.
The jackal bites you but does no damage.
The jackal barely misses you.
You hit the jackal but do no damage. The jackal barely misses you.
Your leather armour prevents you from hitting the jackal.
The jackal barely misses you. The jackal closely misses you.
You hit the jackal.
The jackal is heavily wounded.
The jackal bites you but does no damage.
The jackal bites you.
* * * LOW HITPOINT WARNING * * *
You barely miss the jackal.
The jackal is heavily wounded.
The jackal bites you.
You die...

#.............. #..
#............. #..
#............. #..
###..........### #..
#.............# #..
...............# #..
...............# #..
b............hh#########
###
............ghrh@.......
.
......##################
# ...#. ..# ### ###
##.## ####.## ##.#.##
#<#[#.###.###.#
##.###.#.## #.## ###
##.## #.#.## #


You could see a gnoll, a quokka and 4 jackals.

Vanquished Creatures
  A giant cockroach (D:1)
  A goblin (D:1)
  A hobgoblin (D:1)
  A kobold (D:1)
4 creatures vanquished.

Notes
Turn   | Place    | Note
-------+----------+-------------------------------------------
     0 | Abyss:1  | Spaninq the Human Abyssal Knight began the quest for the
                  | Orb.
     0 | Abyss:1  | Reached XP level 1. HP: 18/18 MP: 2/2
    14 | D:1      | Escaped the Abyss
   252 | D:1      | Slain by a jackal

Illustrated notes

Levels and vault maps discovered:
D:1:      nagdon_arrival_zigzag_paths, layout_basic,
          shapermc_ecumenical_altar_gd, minmay_crystal_room

Action                   || total
-------------------------++-------
Melee: Hand axe          ||    25
Armor: Leather armour    ||    15
Dodge: Dodged            ||    27

Table legend: (Time is in decaauts)
 A = Elapsed time spent in this place.
 B = Non-inter-level travel time spent in this place.
 C = Inter-level travel time spent in this place.
 D = Time resting spent in this place.
 E = Time spent auto-exploring this place.
 F = Levels seen in this place.
 G = Mean time per level.
                   A        B        C        D        E       F      G
               +--------+--------+--------+--------+--------+-----+--------+
         Total |    256 |    256 |      0 |     85 |    107 |   2 |  128.0 |
       Dungeon |    242 |    242 |      0 |     85 |     97 |   1 |  242.0 |
         Abyss |     14 |     14 |      0 |      0 |     10 |   1 |   14.0 |
               +--------+--------+--------+--------+--------+-----+--------+

Top non-repeatable levels by time:
     D:1: 242 daAuts
 Abyss:1: 14 daAuts
